 Dungeon Crawl Stone Soup version 0.30-a0-862-g1aabd4f9c5 (webtiles) character file.

Game seed: 17311905891675276546

13462 hikkokomori the Frost Mage (level 11, 0/106 HPs)
             Began as a White Draconian Transmuter on Mar 10, 2023.
             Was an Initiate of Gozag.
             Slain by a vampire (5 damage)
             ... on level 11 of the Dungeon.
             The game lasted 00:48:10 (15001 turns).

hikkokomori the Frost Mage (DrTm)                  Turns: 15001, Time: 00:48:11

Health: 0/106      AC: 11    Str: 13    XL:     11   Next: 75%
Magic:  17/17      EV: 13    Int: 18    God:    Gozag
Gold:   417        SH:  0    Dex: 15    Spells: 3/18 levels left

rFire   + . .      SeeInvis +    H - +10 mace of Eternal Harmony {venom, rElec rF+}
rCold   + . .      Faith    .    (no shield)
rNeg    . . .      Spirit   .    (body armour unavailable)
rPois   .          Reflect  .    (helmet restricted)
rElec   +          Rampage  .    o - scarf {repulsion}
rCorr   .                        I - +0 pair of gloves
Will    .....                    x - +2 pair of boots
Stlth   +++++                    (no amulet)
HPRegen 0.37/turn                b - +6 ring of dexterity
MPRegen 0.15/turn                e - ring of see invisible

@: marked, repel missiles
A: breathe frost, AC +7, unfitting armour, cold resistance 1, cold-blooded,
camouflage 1, clumsy 1, robust 1
a: Breathe Frost, Renounce Religion, Potion Petition, Call Merchant, Bribe
Branch


You were on level 11 of the Dungeon.
You worshipped Gozag.
Gozag was aware of your devotion.
You visited 2 branches of the dungeon, and saw 12 of its levels.

You collected 2197 gold pieces.
You spent 437 gold pieces at shops.
You paid 1343 gold pieces to Gozag.

Inventory:

Hand Weapons
 a - a +2 short sword of venom
 f - a +0 dagger of draining
 u - a +1 whip of electrocution
 w - the +9 sling "Kiogh" {heavy, rPois rF+ Int-5}
   (You found it on level 10 of the Dungeon)

   Int:       It affects your intelligence (-5).
   rF:        It protects you from fire.
   rPois:     It protects you from poison.
 H - the +10 mace of Eternal Harmony (weapon) {venom, rElec rF+}
   (You found it on level 7 of the Dungeon)

   rF:        It protects you from fire.
   rElec:     It insulates you from electricity.
Missiles
 s - a curare-tipped dart
 N - a throwing net
Armour
 o - a scarf of repulsion (worn)
 x - a +2 pair of boots (worn)
 y - a +0 pair of gloves
 A - a +0 cloak
 I - a +0 pair of gloves (worn)
 J - a scarf of harm
Magical Staves
 F - a staff of cold
Jewellery
 b - a +6 ring of dexterity (left hand)
 e - a ring of see invisible (right hand)
 z - a ring of positive energy
 G - a +6 ring of strength
 M - a ring of positive energy
Wands
 L - a wand of flame (5) (quivered)
Scrolls
 c - 2 scrolls of enchant armour
 g - 5 scrolls of magic mapping
 i - 3 scrolls of fog {unknown}
 k - a scroll of amnesia {unknown}
 m - 2 scrolls of enchant weapon
 n - a scroll of poison
 p - a scroll of vulnerability {unknown}
 q - 2 scrolls of blinking
 t - a scroll of fear {unknown}
 v - a scroll of identify
 B - a scroll of acquirement {unknown}
 K - a scroll of brand weapon {unknown}
Potions
 d - a potion of ambrosia
 h - 2 potions of curing
 j - 3 potions of flight
 l - 2 potions of brilliance
 r - a potion of mutation
 C - a potion of invisibility
 D - 2 potions of heal wounds
 E - 2 potions of magic


   Skills:
 + Level 9.1 Fighting
 - Level 6.5 Maces & Flails
 + Level 3.6 Dodging
 - Level 7.9 Stealth
 + Level 6.8 Unarmed Combat
 - Level 4.2 Spellcasting
 + Level 6.9 Transmutations
 - Level 9.9 Ice Magic
 + Level 3.0 Air Magic


You had 3 spell levels left.
You knew the following spells:

 Your Spells              Type           Power      Damage    Failure   Level
a - Beastly Appendage     Tmut           58%        N/A       1%          1
b - Wereblood             Tmut           29%        N/A       1%          2
c - Ice Form              Ice/Tmut       34%        N/A       4%          4
d - Swiftness             Air            14%        N/A       12%         3
e - Blade Hands           Tmut           14%        N/A       22%         5

Your spell library contained the following spells:

 Spells                   Type           Power      Damage    Failure   Level
 Hailstorm                Conj/Ice       21%        3d6       5%          3
 Shock                    Conj/Air       36%        1d5       8%          1
 Spider Form              Tmut/Pois      16%        N/A       11%         3
 Kiss of Death            Conj/Necr      12%        2d6       14%         1
 Necrotise                Necr           12%        1d4       14%         1
 Confusing Touch          Hex            3%         N/A       41%         3
 Dazzling Flash           Conj/Hex       6%         N/A       41%         3
 Vampiric Draining        Necr           3%         2d6       41%         3
 Airstrike                Air            7%         2d(1-17)  38%         4
 Dispel Undead            Necr           3%         3d7       82%         4
 Silence                  Hex/Air        4%         N/A       91%         5
 Agony                    Necr           3%         N/A       99%         5
 Iron Shot                Conj/Erth      1%         9d1       100%        6
 Animate Armour           Summ/Erth      Unusable   N/A       N/A         4
 Simulacrum               Ice/Necr       Unusable   N/A       N/A         6

Dungeon Overview and Level Annotations

Branches:
Dungeon (11/15)            Temple (1/1) D:7             Orc (0/2) D:10
   Lair: D:8-11

Altars:
Ashenzari
Cheibriados
Dithmenos
Elyvilon
Fedhas
Gozag
Hepliaklqana
Kikubaaqudgha
Makhleb
Nemelex Xobeh
Okawaru
Qazlal
Ru
Sif Muna
Uskayaw
Vehumet
Wu Jian
Xom
Yredelemnul
Zin
The Shining One

Shops:
D:8 !   D:10 *=*([

Annotations:
D:9 Erolcha


Innate Abilities, Weirdness & Mutations

You can breathe waves of freezing cold which knock back foes.
Your icy white scales are hard. (AC +7)
You cannot fit into any form of body armour.
Your flesh is cold resistant. (rC+)
You are cold-blooded and may be slowed by cold attacks.
Your skin changes colour to match your surroundings (Stealth+).
You are clumsy. (Dex -2)
You are robust. (+10% HP)


Message History

Okay, then.
The vampire attacks as you move away! The vampire hits you!
The vampire misses you.
The cyclops throws a large rock.
The large rock barely misses you. The vampire attacks as you move away!
The vampire closely misses you. The vampire bites you!
The vampire draws strength from your injuries!
You hit the vampire.
The vampire is lightly damaged.
The vampire barely misses you. The vampire bites you.
The vampire draws strength from your injuries!
You closely miss the vampire.
You tail-slap the vampire, but do no damage.
The vampire is lightly damaged.
The vampire hits you! The vampire bites you.
The vampire draws strength from your injuries!
You hit the vampire. You punch the vampire.
The vampire is moderately damaged.
The vampire gestures wildly while chanting.
The vampire flickers and vanishes for a moment.
You hit the vampire. You tail-slap the vampire.
The vampire is moderately damaged.
The vampire hits you. The vampire bites you!
The vampire draws strength from your injuries!
You thump the vampire! You tail-slap the vampire.
The vampire is moderately damaged.
The cyclops throws a large rock.
The large rock completely misses the vampire.
The large rock hits you!!!
* * * LOW HITPOINT WARNING * * *
The vampire hits you but does no damage.
The vampire bites you!
* * * LOW HITPOINT WARNING * * *
The vampire draws strength from your injuries!
A bullfrog comes into view.
The vampire attacks as you move away!
The vampire hits you but does no damage.
The vampire bites you.
You die...
Your body crumbles into a pile of gold.

.....# .........
....P..C########
...............#
...)......C....#
...............#
............F..#
..........#.#V.#
..........#.#@.#
P.........###..#
..#............#
#######)..####
######[######
###.....[[....#
#####.'.....[.....#
...#..#...........#
.).+.##...........#


You could see a cyclops, a vampire (invisible) and a bullfrog.

Vanquished Creatures
  An ice dragon (D:10)
  A two-headed ogre (D:10)
  Nergalle (D:11)
  2 orc knights (D:10)
  Pikel (D:4)
  A manticore (D:11)
  An ugly thing (D:10)
  Maurice (D:8)
  A black mamba (shapeshifter) (D:11)
  A komodo dragon (D:11)
  A troll (D:10)
  Prince Ribbit (D:8)
  2 hornets
  A slime creature (D:10)
  2 vampires (D:10)
  3 shadows
  A wyvern (D:10)
  5 yaks
  A steam dragon (D:10)
  Menkaure (D:4)
  An acid dragon (D:10)
  Duvessa (D:4)
  3 water moccasins (D:7)
  3 sky beasts (D:7)
  3 black bears (D:11)
  2 ogres (D:11)
  2 centaurs
  14 orc warriors
  A lemure (D:4)
  3 kobold brigands
  5 bullfrogs
  3 scorpions
  A gnoll sergeant (D:7)
  6 wights (D:8)
  Dowan (D:4)
  6 killer bees
  7 howler monkeys
  2 quasits
  3 hounds
  4 orc priests
  2 jellies
  Crazy Yiuf (D:5)
  3 gnoll boudas
  A sleepcap (D:6)
  5 iguanas
  12 orc wizards
  Ijyb (D:4)
  24 gnolls
  11 adders
  A shadow imp (D:7)
  A white imp (D:7)
  4 ufetubi
  A worm (D:3)
  2 dart slugs
  46 orcs
  10 ball pythons
  2 bats
  8 endoplasms
  2 giant cockroaches
  11 hobgoblins
  2 jackals (D:4)
  10 quokkas
  3 frilled lizards
  3 goblins
  16 kobolds
  5 rats
287 creatures vanquished.

Vanquished Creatures (collateral kills)
  A gnoll sergeant (D:8)
  3 gnolls (D:8)
4 creatures vanquished.

Vanquished Creatures (others)
  4 demonic plants (D:9)
  56 fungi
  58 plants (D:11)
118 creatures vanquished.

Grand Total: 409 creatures vanquished

Notes
Turn   | Place    | Note
-------+----------+-------------------------------------------
     0 | D:1      | hikkokomori the Draconian Transmuter began the quest for
                  | the Orb.
     0 | D:1      | Reached XP level 1. HP: 16/16 MP: 3/3
   123 | D:1      | Reached XP level 2. HP: 23/23 MP: 3/5
   573 | D:1      | Reached XP level 3. HP: 27/27 MP: 6/6
   745 | D:1      | Learned a level 2 spell: Wereblood
  1266 | D:2      | Reached XP level 4. HP: 36/36 MP: 7/7
  1940 | D:3      | Found a blossoming altar of Fedhas.
  2022 | D:3      | Noticed a bullfrog
  2032 | D:3      | Killed a bullfrog
  2033 | D:3      | Reached XP level 5. HP: 29/44 MP: 7/9
  2433 | D:3      | Found a faded altar of an unknown god.
  2673 | D:4      | Noticed Pikel
  2673 | D:4      | Noticed a lemure
  2673 | D:4      | Noticed a lemure
  2673 | D:4      | Noticed a lemure
  2674 | D:4      | Noticed a lemure
  2844 | D:4      | Noticed Dowan
  2868 | D:4      | Noticed Duvessa
  2873 | D:4      | Killed Dowan
  2893 | D:4      | Gained mutation: You are robust. (+10% HP) [potion of
                  | mutation]
  2893 | D:4      | Gained mutation: Your skin changes colour to match your
                  | surroundings (Stealth+). [potion of mutation]
  2893 | D:4      | HP: 2/49 [Duvessa/+2 short sword of venom (8)]
  2895 | D:4      | Killed Duvessa
  2896 | D:4      | Reached XP level 6. HP: 15/56 MP: 9/11
  3067 | D:4      | Noticed Menkaure
  3088 | D:4      | Killed Menkaure
  3719 | D:4      | Your scales start taking on an icy white colour.
  3719 | D:4      | Reached XP level 7. HP: 34/64 MP: 12/12
  3719 | D:4      | Gained mutation: Your flesh is cold resistant. (rC+) [White
                  | Draconian growth]
  3734 | D:4      | Learned a level 4 spell: Ice Form
  3854 | D:4      | Found an ornate altar of the Wu Jian Council.
  3886 | D:4      | Noticed Ijyb
  3900 | D:4      | Killed Ijyb
  4033 | D:4      | Killed Pikel
  4034 | D:4      | Reached skill level 5 in Fighting
  4034 | D:4      | Reached skill level 5 in Unarmed Combat
  4034 | D:4      | Reached XP level 8. HP: 38/74 MP: 13/13
  4207 | D:4      | Reached skill level 5 in Transmutations
  4455 | D:5      | Entered Level 5 of the Dungeon
  4530 | D:5      | Reached skill level 1 in Stealth
  5012 | D:5      | Found a runed translucent door.
  5013 | D:5      | Noticed Crazy Yiuf
  5083 | D:5      | Found a snail-covered altar of Cheibriados.
  5355 | D:5      | Killed Crazy Yiuf
  6415 | D:6      | Reached skill level 5 in Ice Magic
  6592 | D:6      | Reached XP level 9. HP: 81/85 MP: 14/14
  6935 | D:7      | Found a staircase to the Ecumenical Temple.
  6952 | Temple   | Entered the Ecumenical Temple
  7136 | Temple   | Became a worshipper of Gozag Ym Sagoz the Greedy
  7377 | D:7      | Found a shadowy altar of Dithmenos.
  7449 | D:7      | Identified the +10 mace of Eternal Harmony {venom, rElec
                  | rF+}
  7508 | D:7      | Found a stormy altar of Qazlal.
  7629 | D:7      | Reached skill level 1 in Maces & Flails
  8636 | D:8      | Reached skill level 5 in Stealth
  9024 | D:8      | Noticed Prince Ribbit
  9049 | D:8      | Killed Prince Ribbit
  9050 | D:8      | Reached XP level 10. HP: 81/96 MP: 16/16
  9607 | D:8      | Found Helof's Distillery.
  9616 | D:8      | Bought 2 potions of invisibility for 224 gold pieces
  9707 | D:8      | Noticed Maurice
  9732 | D:8      | Killed Maurice
 10009 | D:9      | Noticed an orange demon
 10091 | D:9      | Noticed a rust devil
 10150 | D:10     | Entered Level 10 of the Dungeon
 10156 | D:9      | Noticed a sun demon
 10156 | D:9      | Noticed a rust devil
 10156 | D:9      | Noticed a soul eater
 10156 | D:9      | Noticed Erolcha
 10157 | D:9      | Gained mutation: You are clumsy. (Dex -2) [a neqoxec]
 10436 | D:10     | Found a sparkling altar of Nemelex Xobeh.
 10768 | D:10     | Found Zuocan's Weapon Emporium.
 10768 | D:10     | Found a staircase to the Orcish Mines.
 10768 | D:10     | Noticed an orc knight
 10810 | D:9      | Noticed a sun demon
 10826 | D:10     | HP: 3/84 [orc knight/+0 war axe (18)]
 10833 | D:10     | Killed an orc knight
 11368 | D:10     | Found a hide-covered altar of Uskayaw.
 11409 | D:10     | Found Focauc's Armour Emporium.
 11535 | D:10     | Noticed an ice dragon
 11559 | D:10     | Killed an ice dragon
 11560 | D:10     | Reached skill level 5 in Maces & Flails
 12053 | D:10     | Noticed a red ugly thing
 12064 | D:10     | Killed a red ugly thing
 12131 | D:10     | Reached XP level 11. HP: 84/104 MP: 17/17
 12602 | D:10     | Noticed a two-headed ogre
 12614 | D:10     | Killed a two-headed ogre
 12842 | D:10     | Noticed an ice dragon
 12864 | D:10     | Learned a level 3 spell: Swiftness
 12878 | D:10     | Noticed an orc knight
 13063 | D:10     | Found Xeost's Neck Hole.
 13079 | D:10     | Bought a scarf of repulsion for 156 gold pieces
 13094 | D:10     | Bought a scroll of teleportation for 57 gold pieces
 13245 | D:10     | Learned a level 5 spell: Blade Hands
 13343 | D:10     | Killed an orc knight
 13407 | D:10     | Reached skill level 1 in Air Magic
 13457 | D:10     | Identified the +9 sling "Kiogh" {heavy, rPois rF+ Int-5}
 14054 | D:11     | Noticed Nergalle
 14071 | D:11     | Killed Nergalle
 15000 | D:11     | HP: 5/106 [vampire (8)]
 15001 | D:11     | Slain by a vampire

Illustrated notes

Levels and vault maps discovered:
D:1:      minmay_arrival_four_houses, layout_loops_ring, minmay_tiny_reverse_x
D:2:      mumra_celtic_spiral_tile, layout_loops_ring, minmay_vboxes
D:3:      layout_basic, fedhas_ov_isle_minmay,
          shapermc_ecumenical_altar_flowoftime, kennysheep_minor_cross,
          minmay_ruptured
D:4:      layout_loops_ring, mainiacjoe_overflow_chevrons,
          chequers_serial_rivers_room_b, grunt_decor_clamped, uniq_duvessa,
          uniq_ijyb, uniq_menkaure, uniq_pikel
D:5:      layout_rooms, cheibriados_altar_1, uniq_crazy_yiuf_cottage
D:6:      layout_basic, hangedman_decor_growths, nicolae_figureground_pulse
D:7:      layout_gridville, lemuel_round_altar, nicolae_dithmenos_the_darkroom,
          minmay_temple_entry_drinking_statues, minmay_fractal_squares_5
D:8:      layout_basic, serial_shops, nicolae_shop_waterfront,
          uniq_prince_ribbit1, uniq_maurice
D:9:      layout_basic, amcnicky_altar_gilded, serial_demonic, serial_demonic_e,
          serial_demonic_g, serial_demonic_d, serial_demonic_f,
          serial_demonic_a, serial_demonic_d, eino_jars, uniq_erolcha
D:10:     minmay_the_grid_3x3 [minmay_the_grid_dragon_a,
          minmay_the_grid_minigrid_large, minmay_the_grid_paths,
          minmay_the_grid_all_tris, minmay_the_grid_slots,
          minmay_the_grid_armoury, minmay_the_grid_spikes,
          minmay_the_grid_pillar_ring, minmay_the_grid_prize_diamond_cup],
          layout_small_grid, mainiacjoe_overflow_concentric_impassable,
          nicolae_uskayaw_suspiria, orc_david_3,
          nicolae_shop_sticking_my_neck_out
D:11:     layout_roguey [special_room_orc], due_lair_maze_entry_diamond,
          minmay_microvault, uniq_nergalle, uniq_grum
Temple:   nicolae_temple_bog_church

Skill      XL: |  1  2  3  4  5  6  7  8  9 10 11 |
---------------+----------------------------------+-----
Dodging        | 2 3 |  3.6
Fighting       | 2 3 4 5 6 7 8 9 |  9.1
Transmutations | 3 4 6 |  6.9
Unarmed Combat | 4 5 6 |  6.8
Spellcasting   | 3 4 |  4.2
Ice Magic      | 2 5 7 9 |  9.9
Stealth        | 3 5 7 |  7.9
Maces & Flails | 3 5 6 |  6.5
Air Magic      | 3 |  3.0

Action                     |  1- 3 |  4- 6 |  7- 9 | 10-12 || total
---------------------------+-------+-------+-------+-------++-------
  Melee: Unarmed           |    41 |       |    20 |    16 ||    77
         Kick              |    11 |     5 |     6 |     4 ||    26
         Headbutt          |     7 |     1 |     4 |     2 ||    14
         Tailslap          |     6 |    18 |    58 |    61 ||   143
         Dagger            |    63 |   128 |    54 |       ||   245
         Punch             |     3 |     4 |    20 |    20 ||    47
         Short sword       |       |    54 |   242 |       ||   296
         Mace              |       |       |    86 |   380 ||   466
   Fire: Sling             |       |       |       |     7 ||     7
  Throw: Dart              |       |     2 |       |    13 ||    15
         Throwing net      |       |       |       |     3 ||     3
   Cast: Beastly Appendage |    10 |     1 |     2 |     1 ||    14
         Wereblood         |       |     2 |     2 |     4 ||     8
         Ice Form          |       |       |     1 |     1 ||     2
 Invoke: Call Merchant     |       |       |       |     2 ||     2
Ability: Breathe Frost     |       |       |     4 |     7 ||    11
  Evoke: Wand              |       |       |       |    16 ||    16
    Use: Potion            |       |     5 |     1 |     7 ||    13
         Scroll            |       |     3 |     1 |    17 ||    21
   Stab: Sleeping          |     4 |     4 |     9 |     4 ||    21
         Distracted        |       |     1 |       |     2 ||     3
         Invisible         |       |       |       |     3 ||     3
         Held in net/web   |       |       |       |     1 ||     1
 Armour: Skin              |    25 |    94 |   176 |   164 ||   459
  Dodge: Dodged            |    64 |   103 |   320 |   277 ||   764
         Repelled          |       |       |       |     1 ||     1

Table legend: (Time is in decaauts)
 A = Elapsed time spent in this place.
 B = Non-inter-level travel time spent in this place.
 C = Inter-level travel time spent in this place.
 D = Time resting spent in this place.
 E = Time spent auto-exploring this place.
 F = Levels seen in this place.
 G = Mean time per level.
                   A        B        C        D        E       F      G
               +--------+--------+--------+--------+--------+-----+--------+
         Total |  15118 |  14440 |    678 |   3707 |   6445 |  12 | 1259.8 |
       Dungeon |  14883 |  14213 |    670 |   3707 |   6282 |  11 | 1353.0 |
        Temple |    235 |    227 |      8 |      0 |    162 |   1 |  235.0 |
               +--------+--------+--------+--------+--------+-----+--------+

Top non-repeatable levels by time:
    D:10: 4005 daAuts
     D:4: 1669 daAuts
     D:8: 1396 daAuts
     D:7: 1396 daAuts
     D:6: 1190 daAuts
     D:5: 1190 daAuts
     D:2: 1094 daAuts
     D:3: 969 daAuts
    D:11: 866 daAuts
     D:1: 832 daAuts
     D:9: 271 daAuts
  Temple: 235 daAuts
